[Event "Early-Titled-Tuesday-Blitz-September-12-2023"]
[Site "Chess.com"]
[Date "2023.09.12"]
[Round "10"]
[White "GMJustin"]
[Black "lrestevez"]
[Result "0-1"]
[WhiteElo "2238"]
[BlackElo "2145"]
[TimeControl "180+1"]
[EndTime "9:55:05 PDT"]
[Termination "lrestevez won on time"]

1. d4 Nf6 2. c4 e5 3. dxe5 Ng4 4. e3 Nxe5 5. f4 Ng6 6. h4 Nxh4 7. Qh5 Ng6 8. Nf3 d6 9. Bd3 Nd7 10. Nc3 Nf6 11. Qa5 c6 12. Qxd8+ Kxd8 13. Ng5 Ke8 14. Bd2 Bg4 15. Kf2 h6 16. Nf3 Bxf3 17. gxf3 Rd8 18.
f5 Ne5 19. Be2 h5 20. e4 Be7 21. Be3 b6 22. Rad1 Kd7 23. b4 Kc7 24. b5 c5 25. Bg5 Ned7 26. Bh4 Rde8 27. Rdg1 Rhg8 28. Kf1 g6 29. fxg6 Rxg6 30. Rxg6 fxg6 0-1

[Event "Early-Titled-Tuesday-Blitz-September-12-2023"]
[Site "Chess.com"]
[Date "2023.09.12"]
[Round "10"]
[White "AsselLesbekova"]
[Black "M_One1126"]
[Result "0-1"]
[WhiteElo "2361"]
[BlackElo "2574"]
[TimeControl "180+1"]
[EndTime "9:55:06 PDT"]
[Termination "M_One1126 won by resignation"]

1. e4 c5 2. Nf3 a6 3. c3 d5 4. exd5 Qxd5 5. d4 Nf6 6. Be2 Bf5 7. Be3 cxd4 8. Qxd4 Nc6 9. Qxd5 Nxd5 10. Bd2 e5 11.
O-O f6 12. a3 Be7 13. c4 Nc7 14. Nc3 O-O-O 15. Be3 g5 16. Bb6 g4 17. Nh4 Be6 18.
Bxc7 Kxc7 19. Nd5+ Kb8 20. Ne3 Rhg8 21. Nhf5 Bc5 22.
Rad1 h5 23. b4 Bd4 24. b5 Na5 25. Nxd4 exd4 26. Nc2 Bxc4 27. Bxc4 Nxc4 28. Nxd4 Rd5 29. Nc2 Rxd1 30. Rxd1 axb5 31. Rd5 Re8 32. Kf1 Re5 33. Rxe5 fxe5 34. Ke2 Kc7 35. Kd3 Kd6 36. a4 Nb2+ 37. Ke4 bxa4 38. Na3 Kc5 39. f3 gxf3 40. gxf3 b5 41. Kxe5 Nc4+ 42. Ke6 Nxa3 0-1

[Event "Early-Titled-Tuesday-Blitz-September-12-2023"]
[Site "Chess.com"]
[Date "2023.09.12"]
[Round "10"]
[White "supereagles1201"]
[Black "1995Tiger"]
[Result "0-1"]
[WhiteElo "2361"]
[BlackElo "2259"]
[TimeControl "180+1"]
[EndTime "9:55:07 PDT"]
[Termination "1995Tiger won by checkmate"]

1. c4 g6 2. g3 Bg7 3. Bg2 c5 4.
Nc3 Nc6 5. Nf3 d6 6. O-O e6 7.
a3 Nge7 8. Rb1 O-O 9. b4 b6 10. b5 Na5 11. Qa4 Bb7 12. Bb2 h6 13. d3 f5 14. Qc2 g5 15. Rbd1 e5 16. Nd2 Bxg2 17. Kxg2 d5 18. cxd5 Nxd5 19. Nc4 Qd7 20. Nxa5 bxa5 21.
Nxd5 Qxd5+ 22. e4 Qd7 23. Qxc5 Rac8 24. Qe3 f4 25. Qd2 Qxb5 26. d4 Qb3 27. d5 Rc2 28.
Qxa5 Rxb2 29. Qxa7 fxg3 30. hxg3 Qf3+ 31. Kg1 h5 32.
Qd7 Rxf2 33. Qe6+ Kh8 34. Qf5 Qg2# 0-1

[Event "Early-Titled-Tuesday-Blitz-September-12-2023"]
[Site "Chess.com"]
[Date "2023.09.12"]
[Round "10"]
[White "vi_pranav"]
[Black "kingofthenil"]
[Result "1-0"]
[WhiteElo "2988"]
[BlackElo "2774"]
[TimeControl "180+1"]
[EndTime "9:55:12 PDT"]
[Termination "vi_pranav won on time"]

1. e4 Nc6 2. d4 d5 3. e5 Bf5 4. c3 e6 5. Ne2 f6 6. f4 g5 7. Ng3 Bg6 8. Bb5 gxf4 9. Bxf4 Bh6 10. Bxh6 Nxh6 11. O-O fxe5 12. dxe5 Nf7 13. Bxc6+ bxc6 14. Qd4 Qg5 15. Qc5 Nxe5 16. Na3 h5 17. Rae1 h4 18. Rxe5 Qxe5 19. Nc4 Qg7 20. Qxc6+ Kd8 21. Qxa8+ Kd7 22.
Qxa7 hxg3 23. Qa4+ Kc8 24. Nd6+ Kd8 25. Nb7+ Kc8 26.
Nc5 Kd8 27. Nxe6+ 1-0

[Event "Early-Titled-Tuesday-Blitz-September-12-2023"]
[Site "Chess.com"]
[Date "2023.09.12"]
[Round "10"]
[White "carloseduar100"]
[Black "younix2022"]
[Result "0-1"]
[WhiteElo "2283"]
[BlackElo "2066"]
[TimeControl "180+1"]
[EndTime "9:55:14 PDT"]
[Termination "younix2022 won by checkmate"]

1. e4 c5 2. Nf3 Nc6 3. Bc4 e6 4.
Nc3 Nf6 5. O-O d6 6. Re1 Be7 7. d4 cxd4 8. Nxd4 O-O 9. h3 a6 10. a4 Qc7 11. Bg5 Rd8 12. Bb3 Na5 13. Ba2 Nc4 14. Rb1 Nxb2 15. Qf3 Nc4 16. Qg3 Ne5 17. f4 Qc5 18. Rbd1 Nc6 19. Ne2 Nxe4 20. Qe3 Nxg5 21. fxg5 Bxg5 22. Qf2 Nxd4 23. Nxd4 Bf6 24. Kh1 Bd7 25. Re2 Bxa4 26. Rf1 Qxd4 27. Qg3 Bb5 28.
Ref2 Bxf1 29. Rxf1 Rac8 30. Rf4 Qd1+ 31. Kh2 Be5 32.
Qg4 Bxf4+ 33. Qxf4 Qxc2 34. Bxe6 fxe6 35. Qg4 Qc4 36.
Qf3 Rf8 37. Qxb7 Qf4+ 38. Kg1 Rc1# 0-1

[Event "Early-Titled-Tuesday-Blitz-September-12-2023"]
[Site "Chess.com"]
[Date "2023.09.12"]
[Round "10"]
[White "Manukyan_Artak"]
[Black "twofoxniel"]
[Result "0-1"]
[WhiteElo "2512"]
[BlackElo "2627"]
[TimeControl "180+1"]
[EndTime "9:55:17 PDT"]
[Termination "twofoxniel won on time"]

1. e4 d5 2. exd5 Nf6 3. Nc3 Nxd5 4. Bc4 Nb6 5. Bb3 Nc6 6. Qf3 e6 7. Nge2 Be7 8. d4 Nxd4 9. Nxd4 Qxd4 10. Be3 Qf6 11.
Qh5 Qg6 12. Qf3 O-O 13. O-O-O c6 14. h4 e5 15. h5 Qg4 16. Qxg4 Bxg4 17. f3 Bf5 18. g4 Be6 19. h6 g6 20. Rhe1 Bxb3 21. axb3 Rad8 22. Bxb6 axb6 23. Rxe5 Bf6 24. Rxd8 Rxd8 25.
Re4 Bg5+ 26. f4 Bxh6 27. Ne2 Kf8 28. b4 Re8 29. Rxe8+ Kxe8 30. c3 Ke7 31. Kd2 f6 32. Kd3 Bg7 33. b5 Kd6 34. b4 f5 35. bxc6 bxc6 36.
g5 h6 37. gxh6 Bxh6 38. Ke3 Kd5 39. Nd4 Bg7 40. Nf3 Bxc3 41. Nh4 Bxb4 42. Nxg6 Bd6 43. Nh4 Ke6 44. Nf3 c5 45. Ng5+ Kd5 46. Nf3 c4 47. Kd2 b5 0-1

[Event "Early-Titled-Tuesday-Blitz-September-12-2023"]
[Site "Chess.com"]
[Date "2023.09.12"]
[Round "10"]
[White "Alphafischer2019"]
[Black "Witty_Alien"]
[Result "1-0"]
[WhiteElo "2550"]
[BlackElo "2210"]
[TimeControl "180+1"]
[EndTime "9:55:22 PDT"]
[Termination "Alphafischer2019 won by resignation"]

1. Nf3 g5 2. Nxg5 e5 3. Nf3 e4 4. Nd4 c5 5. Nb3 a5 6. a4 Ra6 7. d4 c4 8. Nc5 Rg6 9. Bf4 Nc6 10. Nc3 d5 11. Nb5 Bg7 12. e3 Bg4 13. Qd2 f5 14.
b3 b6 15. Nb7 Qh4 16. bxc4 Nge7 17. N7d6+ Kf8 18. Bg3 Qh5 19. cxd5 Nxd5 20. Bc4 Ndb4 21.
Nc7 f4 22. Bxf4 Bf3 23. gxf3 Qxf3 24. Rf1 Bxd4 25. Be2 Qh3 26. c3 Qd7 27. cxd4 Rxd6 28. Bxd6+ Qxd6 29. Nb5 Qg6 30. Rc1 Kg7 31. d5 Ne5 32.
Rc7+ Kh6 33. Qd4 Nbd3+ 34. Kd2 Rd8 35. d6 Nf3+ 36. Bxf3 exf3 37. Qxd3 Rxd6 38. Nxd6 Kh5 39. Qxg6+ hxg6 40. Rg1 1-0

[Event "Early-Titled-Tuesday-Blitz-September-12-2023"]
[Site "Chess.com"]
[Date "2023.09.12"]
[Round "10"]
[White "jaskol95"]
[Black "Gogolev_Artemy"]
[Result "0-1"]
[WhiteElo "2524"]
[BlackElo "2407"]
[TimeControl "180+1"]
[EndTime "9:55:23 PDT"]
[Termination "Gogolev_Artemy won by resignation"]

1. d4 d5 2. Nc3 Nf6 3. Bf4 a6 4.
e3 e6 5. a3 c5 6. Nf3 Nc6 7.
Ne5 Bd7 8. Be2 cxd4 9. exd4 Qb6 10. Nxc6 Bxc6 11. Rb1 Be7 12. O-O O-O 13. Bd3 Kh8 14.
Be3 Rac8 15. Qf3 Qd8 16. Qh3 g6 17. f4 Ne4 18. Nxe4 dxe4 19. Be2 f5 20. c3 Bd5 21. Rbc1 b5 22. a4 bxa4 23. Bxa6 Rb8 24. c4 Bc6 25. Rfd1 Qa5 26. d5 Qxa6 27. dxc6 Qxc6 28. c5 Bf6 29. Rd6 Qb5 30. Rxe6 Qxb2 31. Rd1 Qe2 32. Red6 Rb3 33. Qh6 Bg7 34. Kh1 Bxh6 0-1

[Event "Early-Titled-Tuesday-Blitz-September-12-2023"]
[Site "Chess.com"]
[Date "2023.09.12"]
[Round "10"]
[White "cukin84"]
[Black "Good_Knight_Kiss"]
[Result "0-1"]
[WhiteElo "2224"]
[BlackElo "2398"]
[TimeControl "180+1"]
[EndTime "9:55:24 PDT"]
[Termination "Good_Knight_Kiss won by resignation"]

1. e4 c5 2. Nc3 a6 3. d3 e6 4. f4 b5 5. Nf3 Bb7 6. a3 Nf6 7.
Be2 d5 8. e5 Nfd7 9. O-O Nc6 10. f5 Be7 11. fxe6 fxe6 12. d4 cxd4 13. Nxd4 Nxd4 14.
Kh1 Nxe5 15. Qxd4 Bf6 16. Qc5 Rc8 17. Qb4 Qe7 18. Qxe7+ Kxe7 19. Bf4 Nc4 20. Bxc4 Rxc4 21. Na2 Bxb2 22. Rae1 a5 23. Bg5+ Bf6 24. Bxf6+ gxf6 25. c3 Rg8 26. Rf2 h5 27. h3 Rg3 28. Kh2 h4 29.
Rb2 Bc6 30. Rbe2 e5 31. Re3 Rxe3 32. Rxe3 Ra4 33. Nc1 Rxa3 34. Ne2 d4 35. Rd3 b4 36.
Rd1 Ra2 37. cxd4 Rxe2 38. d5 Bb7 39. d6+ Kd7 40. Kg1 Rxg2+ 41. Kf1 Rc2 0-1

[Event "Early-Titled-Tuesday-Blitz-September-12-2023"]
[Site "Chess.com"]
[Date "2023.09.12"]
[Round "10"]
[White "maurovargas01"]
[Black "Shockerlover"]
[Result "0-1"]
[WhiteElo "1854"]
[BlackElo "1994"]
[TimeControl "180+1"]
[EndTime "9:55:24 PDT"]
[Termination "Shockerlover won on time"]

1. e4 g6 2. Nc3 Bg7 3. f4 d6 4.
Nf3 c5 5. Bb5+ Bd7 6. Bxd7+ Nxd7 7. d3 Ngf6 8. O-O O-O 9. Qe1 a6 10. Qh4 e5 11. f5 Nh5 12. Bg5 Qb6 13. b3 c4+ 14.
Kh1 cxd3 15. cxd3 Rac8 16. Nd5 Qb5 17. Ne7+ Kh8 18. Nxc8 Rxc8 19. fxg6 fxg6 20. Rac1 Nc5 21. d4 exd4 22. Nxd4 Bxd4 23. Qg4 Re8 24. Rf7 Kg8 25. Rcf1 Bg7 26. Qf3 Qd3 27. Rxg7+ Kh8 28. Bh6 Qxf3 29. gxf3 Nxe4 0-1

[Event "Early-Titled-Tuesday-Blitz-September-12-2023"]
[Site "Chess.com"]
[Date "2023.09.12"]
[Round "10"]
[White "Alex_Banzea"]
[Black "Aash20"]
[Result "0-1"]
[WhiteElo "2624"]
[BlackElo "2532"]
[TimeControl "180+1"]
[EndTime "9:55:26 PDT"]
[Termination "Aash20 won on time"]

1. d4 d5 2. Nc3 Nf6 3. Bf4 c6 4. e3 Bg4 5. f3 Bh5 6. g4 Bg6 7. h4 h5 8. g5 Nfd7 9. Bd3 Bxd3 10. Qxd3 g6 11. e4 dxe4 12. fxe4 Bg7 13. Nf3 Na6 14.
O-O-O Qa5 15. Kb1 Nb6 16. a3 Rd8 17. Bd2 Na4 18. Nd5 Rxd5 19. Bxa5 Rxa5 20. Qb3 Nb6 21. c4 c5 22. d5 O-O 23. e5 Ra4 24. Rc1 Rd8 25.
Rhd1 Nc7 26. Qd3 e6 27. d6 Ne8 28. Ka2 Bf8 29. b3 Ra6 30. Nd2 Nd7 31. Qc3 Bg7 32.
Nf3 Nxd6 33. Qc2 Nf5 34. Rd3 Rc6 35. Rcd1 Rc7 36. Qd2 Nd4 37. Nxd4 cxd4 38. Rxd4 Bxe5 39. Rd3 a6 40. Qf2 b5 41. Rf1 Rf8 0-1

[Event "Early-Titled-Tuesday-Blitz-September-12-2023"]
[Site "Chess.com"]
[Date "2023.09.12"]
[Round "10"]
[White "tteshan"]
[Black "AnaKuchava"]
[Result "1-0"]
[WhiteElo "2528"]
[BlackElo "2235"]
[TimeControl "180+1"]
[EndTime "9:55:26 PDT"]
[Termination "tteshan won on time"]

1. e4 c5 2. Nf3 d6 3. c3 Nf6 4.
Be2 Nc6 5. d4 cxd4 6. cxd4 d5 7.
e5 Ne4 8. O-O Bf5 9. Nh4 e6 10. Nxf5 exf5 11. Nc3 Be7 12. Qb3 Nxc3 13. bxc3 Qd7 14. Rb1 Na5 15. Qb5 b6 16. Bf3 Qxb5 17. Rxb5 Rc8 18. Bb2 O-O 19. Bxd5 Nc4 20. Bxc4 Rxc4 21.
Rd1 g6 22. Kf1 Re8 23. d5 Bc5 24. d6 Rd8 25. f3 f6 26. exf6 Rxd6 27. Rxd6 Bxd6 28.
Rd5 Rc6 29. c4 Kf7 30. Ke2 1-0

[Event "Early-Titled-Tuesday-Blitz-September-12-2023"]
[Site "Chess.com"]
[Date "2023.09.12"]
[Round "10"]
[White "jcmesafischer"]
[Black "VOneChess"]
[Result "1-0"]
[WhiteElo "2373"]
[BlackElo "2188"]
[TimeControl "180+1"]
[EndTime "9:55:32 PDT"]
[Termination "jcmesafischer won by resignation"]

1. Nf3 Nf6 2. c4 e6 3. d4 d5 4. Nc3 Be7 5. cxd5 exd5 6. Bg5 O-O 7.
e3 Nbd7 8. Qc2 h6 9. Bh4 Re8 10.
Bg3 c6 11. Bd3 Nf8 12. Ne5 c5 13. O-O c4 14. Be2 g6 15. b3 Bf5 16. Qb2 Rc8 17.
bxc4 dxc4 18. Qxb7 Qa5 19. Rac1 Rc7 20. Qb5 Qxb5 21. Nxb5 Rb7 22. Bxc4 Ne4 23. Nxf7 Nd2 24. Nfd6+ Nxc4 25. Nxb7 Nb6 26. N7d6 Bxd6 27. Nxd6 Re5 28. Bxe5 Bd7 29. Rc7 Ne6 30. Rxa7 Bc6 31. Ra6 1-0

[Event "Early-Titled-Tuesday-Blitz-September-12-2023"]
[Site "Chess.com"]
[Date "2023.09.12"]
[Round "10"]
[White "h4parah5"]
[Black "FairChess_on_YouTube"]
[Result "0-1"]
[WhiteElo "2934"]
[BlackElo "3049"]
[TimeControl "180+1"]
[EndTime "9:55:35 PDT"]
[Termination "FairChess_on_YouTube won by resignation"]

1. Nf3 b5 2. e4 Bb7 3. Qe2 e6 4. g3 c5 5. Bg2 b4 6. O-O Nc6 7. Re1 a5 8. c3 Nf6 9. d4 cxd4 10. cxd4 d5 11. e5 Nd7 12. Be3 Ba6 13. Qd1 Be7 14. Nbd2 O-O 15. Rc1 Qb6 16. Nb3 Rfd8 17.
Bg5 Bc4 18. Bxe7 Nxe7 19. Nfd2 Rac8 20. Qg4 Nf5 21. Nxc4 dxc4 22. Nd2 c3 23. bxc3 bxc3 24. Nf3 c2 25. d5 h6 26. dxe6 fxe6 27. Bf1 Rc3 28. Bc4 Nc5 29. Kg2 Nd4 30. Be2 Nxf3 31.
Bxf3 Nd3 32. Rf1 Nxc1 33. Rxc1 Rf8 0-1

[Event "Early-Titled-Tuesday-Blitz-September-12-2023"]
[Site "Chess.com"]
[Date "2023.09.12"]
[Round "10"]
[White "Dacean99"]
[Black "emeli_chess"]
[Result "1-0"]
[WhiteElo "2525"]
[BlackElo "2362"]
[TimeControl "180+1"]
[EndTime "9:55:36 PDT"]
[Termination "Dacean99 won by checkmate"]

1. d4 Nf6 2. Nf3 d5 3. c4 e6 4. Nc3 Bb4 5. Bg5 h6 6. Bh4 c5 7.
cxd5 exd5 8. e3 g5 9. Bg3 Ne4 10. Qc2 Qa5 11. Bd3 Bf5 12. O-O Bxc3 13. bxc3 c4 14.
Bxe4 Bxe4 15. Qb2 b5 16. Nd2 a6 17. f3 Bd3 18. Be5 Rg8 19. Rfe1 Nc6 20. e4 Nxe5 21. exd5 f6 22. dxe5 fxe5 23. Rxe5+ Kd7 24. Rae1 Rae8 25. Re6 Bf5 26. Rxe8 Rxe8 27. Rxe8 Kxe8 28. Ne4 Bxe4 29. fxe4 Qa4 30. Kf2 Qd1 31. Qe2 Qc1 32. Qe3 Qc2+ 33.
Kf3 Qxa2 34. Qb6 Qc2 35. Qe6+ Kd8 36. d6 Qxc3+ 37. Kg4 Qg7 38. Qd5 Qd7+ 39. Kh5 c3 40. e5 c2 41. Qa8+ Qc8 42. Qa7 Qd7 43. Qb6+ Ke8 44.
Qc5 Qf7+ 45. Kxh6 Qc4 46. d7+ Kxd7 47. Qd6+ Kc8 48. Qxa6+ Kc7 49. Qa7+ Kc6 50. Qa6+ Kc5 51. Qd6# 1-0

[Event "Early-Titled-Tuesday-Blitz-September-12-2023"]
[Site "Chess.com"]
[Date "2023.09.12"]
[Round "10"]
[White "falzehope0"]
[Black "Ariadna_Atreides"]
[Result "1-0"]
[WhiteElo "2409"]
[BlackElo "2218"]
[TimeControl "180+1"]
[EndTime "9:55:38 PDT"]
[Termination "falzehope0 won on time"]

1. d4 Nf6 2. e3 e6 3. Bd3 b6 4. f4 Bb7 5. Nf3 d6 6. O-O Nbd7 7. Nbd2 c5 8. c3 Qc7 9. Qe2 d5 10. Ne5 a6 11. Qf3 Be7 12. Qh3 Ne4 13. Ndf3 Ndf6 14. Bd2 Nxd2 15. Nxd2 Ne4 16. Ndf3 Bd6 17. Bxe4 dxe4 18.
Ng5 f6 19. Nxe6 Qe7 20. Ng6 hxg6 21. Qxh8+ Kd7 22. Qxg7 Qxg7 23. Nxg7 Rg8 24. dxc5 Bxc5 25. Rad1+ Ke7 26. b4 Bxe3+ 27. Kh1 Rxg7 28. Rfe1 Bxf4 29.
g3 Be5 30. c4 f5 31. c5 bxc5 32. bxc5 Bc6 33. Kg1 Kf6 34. Kf2 Rb7 35. Re2 Rb5 36. Rc2 Ra5 37. Rdd2 Ra4 38. Rd8 Bd4+ 39. Ke1 Ke5 40. Kd2 Ra3 41. Kc1 1-0

[Event "Early-Titled-Tuesday-Blitz-September-12-2023"]
[Site "Chess.com"]
[Date "2023.09.12"]
[Round "10"]
[White "Eagle_2019"]
[Black "abhidabhi"]
[Result "1-0"]
[WhiteElo "2707"]
[BlackElo "2865"]
[TimeControl "180+1"]
[EndTime "9:55:39 PDT"]
[Termination "Eagle_2019 won on time"]

1. d4 Nf6 2. Bg5 e6 3. e4 h6 4. Bxf6 Qxf6 5. c3 c5 6. Nf3 cxd4 7. cxd4 Bb4+ 8. Nc3 d6 9. Bb5+ Bd7 10. Bxd7+ Nxd7 11. O-O Bxc3 12. bxc3 O-O 13. Qb3 b6 14. a4 Rab8 15. a5 b5 16. c4 a6 17. cxb5 Rxb5 18. Qc4 Qd8 19. Qc6 Nb8 20. Qc3 Qd7 21. Rfc1 Qb7 22.
Nd2 Nd7 23. Qc6 Nf6 24. Qxd6 Nxe4 25. Nxe4 Qxe4 26. Qxa6 Rg5 27. Qf1 Qxd4 28. a6 Ra8 29.
g3 Ra7 30. Rd1 Qb6 31. Rdb1 Qc6 32. Rb8+ Kh7 33. Qb1+ f5 34. Qb6 Qxb6 35. Rxb6 Rg4 36. f4 e5 37. Rb7 Ra8 38. fxe5 Re4 39. a7 1-0

[Event "Early-Titled-Tuesday-Blitz-September-12-2023"]
[Site "Chess.com"]
[Date "2023.09.12"]
[Round "10"]
[White "MatyChess1"]
[Black "FGHSMN"]
[Result "1-0"]
[WhiteElo "2710"]
[BlackElo "2876"]
[TimeControl "180+1"]
[EndTime "9:55:39 PDT"]
[Termination "MatyChess1 won by resignation"]

1. d4 Nf6 2. Bf4 e6 3. e3 b6 4. Qf3 Nc6 5. Nc3 Bb7 6. O-O-O Bb4 7. Nge2 O-O 8. e4 Ne7 9. Bg5 Ng6 10. a3 Be7 11. h4 h6 12. Bxf6 Bxf6 13. h5 Ne7 14.
Qg3 Nc6 15. f4 d6 16. e5 Be7 17. Qe3 dxe5 18. dxe5 Qe8 19. Ng3 Bc5 20. Qf3 Rd8 21. Bd3 Na5 22. Be4 Bxe4 23. Ngxe4 Qe7 24. Ne2 Nc4 25. Kb1 Ne3 26. Rxd8 Rxd8 27. N2c3 Nf5 28. Rd1 Rxd1+ 29. Qxd1 Be3 30. g4 Nh4 31. Ne2 Qe8 32. Qd3 Ng2 33. g5 hxg5 34. fxg5 c5 35. h6 Qb8 36. hxg7 Qxe5 37. Nf6+ Kxg7 38. Qh7+ Kf8 39.
Qg8+ Ke7 40. Qe8+ Kd6 41. Qb8+ Kc6 42. Qxe5 Bd4 43. Nxd4+ cxd4 44. Qe4+ 1-0

[Event "Early-Titled-Tuesday-Blitz-September-12-2023"]
[Site "Chess.com"]
[Date "2023.09.12"]
[Round "10"]
[White "crazy_m_attack"]
[Black "sergeikim"]
[Result "0-1"]
[WhiteElo "2409"]
[BlackElo "2578"]
[TimeControl "180+1"]
[EndTime "9:55:39 PDT"]
[Termination "sergeikim won by checkmate"]

1. e4 e5 2. Nf3 Nc6 3. Bb5 a6 4. Ba4 Nf6 5. O-O b5 6. Bb3 Bc5 7. c3 d6 8. d4 Bb6 9. h3 h6 10. Be3 O-O 11. Nbd2 Re8 12. Re1 Bb7 13. d5 Ne7 14. Bxb6 cxb6 15. Nh4 Ng6 16. Nxg6 fxg6 17. Rf1 Nh5 18. Qg4 Kh7 19. g3 Bc8 20. Qe2 Bxh3 21.
Rfe1 Rf8 22. Kh2 Bc8 23. Rh1 Qg5 24. Bd1 Bg4 25. Qe1 Rf7 26. f3 Bd7 27. Nf1 Raf8 28. Rg1 Nf6 29. Qe3 Qh5+ 30. Kg2 Qh3+ 31. Kf2 Ng4+ 32. Ke2 Nxe3 33. Kxe3 Qh5 34. Be2 Qg5+ 35. Kd3 Rxf3+ 36. Bxf3 Rxf3+ 37. Kc2 Rf2+ 38. Kb3 Qg4 39. Rc1 Qe2 40. Rb1 Qc4+ 41. Ka3 Qa4# 0-1

[Event "Early-Titled-Tuesday-Blitz-September-12-2023"]
[Site "Chess.com"]
[Date "2023.09.12"]
[Round "10"]
[White "GeorgiosSouleidis"]
[Black "ljm509"]
[Result "0-1"]
[WhiteElo "2503"]
[BlackElo "2367"]
[TimeControl "180+1"]
[EndTime "9:55:41 PDT"]
[Termination "ljm509 won on time"]

1. e4 e6 2. d4 d5 3. Nc3 dxe4 4.
Nxe4 Nd7 5. Nf3 Ngf6 6. Bg5 Be7 7. Nxf6+ Bxf6 8. h4 h6 9. Bxf6 Nxf6 10. Qe2 Qd5 11.
c4 Qa5+ 12. Qd2 Qxd2+ 13. Nxd2 b6 14. f3 Bb7 15. Kf2 Nd7 16. Ne4 f5 17. Nc3 c5 18.
dxc5 Nxc5 19. Be2 Rd8 20. Rhd1 Ke7 21. b4 Nd7 22. a4 Ne5 23. a5 Rxd1 24. Nxd1 Rc8 25. axb6 axb6 26. Ra7 Rc7 27. Nc3 Rd7 28. Na4 Nc6 29. Rxb7 Rxb7 30. b5 Na5 31. f4 Kd6 32. Ke3 Rc7 33. Kd4 Nb3+ 34. Kc3 Nc5 35. Nxb6 Rb7 36. Nc8+ Kd7 0-1

[Event "Early-Titled-Tuesday-Blitz-September-12-2023"]
[Site "Chess.com"]
[Date "2023.09.12"]
[Round "10"]
[White "Zhigalko_Sergei"]
[Black "DopplerCharlotteDeWitte"]
[Result "1-0"]
[WhiteElo "2888"]
[BlackElo "2695"]
[TimeControl "180+1"]
[EndTime "9:55:42 PDT"]
[Termination "Zhigalko_Sergei won on time"]

1. e4 c5 2. Nf3 e6 3. c3 d5 4. e5 d4 5. Bd3 Bd7 6. O-O Bc6 7. Qe2 Ne7 8. Be4 Ng6 9. d3 Be7 10. g3 O-O 11. h4 Bxe4 12. Qxe4 Qd5 13. Qxd5 exd5 14.
h5 Nh8 15. cxd4 Nc6 16. Nc3 Rad8 17. Be3 f6 18. e6 Rfe8 19. Nb5 cxd4 20. Nfxd4 Nxd4 21.
Bxd4 Bd6 22. Rfe1 a6 23. Nc3 Bb8 24. Re2 Rd6 25. Rae1 Rc8 26. Kg2 Kf8 27. Na4 Ke8 28.
Nc5 Rdc6 29. Nxb7 R8c7 30. Na5 Rc2 31. Nb3 1-0

[Event "Early-Titled-Tuesday-Blitz-September-12-2023"]
[Site "Chess.com"]
[Date "2023.09.12"]
[Round "10"]
[White "rikchessmx"]
[Black "Kildepiotr"]
[Result "0-1"]
[WhiteElo "2274"]
[BlackElo "2659"]
[TimeControl "180+1"]
[EndTime "9:55:42 PDT"]
[Termination "Kildepiotr won on time"]

1. e4 g6 2. d4 Bg7 3. Nc3 c6 4. f3 d5 5. Be3 dxe4 6. fxe4 Nf6 7. h3 e5 8. Nge2 exd4 9. Nxd4 O-O 10. Qd2 Re8 11. O-O-O Nxe4 12. Nxe4 Rxe4 13. Bc4 Qe7 14. Rhe1 Nd7 15. Qf2 Ne5 16. Bb3 a5 17. a4 Bd7 18.
Kb1 Re8 19. Bc1 Rxe1 20. Rxe1 Kh8 21. Nf3 f6 22. Qb6 Qb4 23. Qxb4 axb4 24. Nxe5 Rxe5 25. Rd1 Re7 26. Bf4 h5 27. Bd6 Re4 28. Bxb4 Bf5 29.
Rd8+ Kh7 30. Bd2 g5 31. Bf7 Bg6 32. Bxg6+ Kxg6 33. Rd7 Rxa4 34. Rxb7 Rd4 35. Kc1 g4 36. Rc7 Rd6 37. Bf4 Re6 38. Kd2 Bf8 39. c3 Kf5 40. Be3 gxh3 41. gxh3 Ke4 42. Rh7 Kf3 43.
Bd4 c5 44. Bg1 Kg2 0-1

[Event "Early-Titled-Tuesday-Blitz-September-12-2023"]
[Site "Chess.com"]
[Date "2023.09.12"]
[Round "10"]
[White "Pingah9"]
[Black "ploxoi"]
[Result "1-0"]
[WhiteElo "2577"]
[BlackElo "2408"]
[TimeControl "180+1"]
[EndTime "9:55:43 PDT"]
[Termination "Pingah9 won by resignation"]

1. e4 c5 2. Nc3 e6 3. g3 Nc6 4. Bg2 g6 5. Nge2 Bg7 6. d3 Nge7 7. Be3 Nd4 8. Qd2 O-O 9. Nc1 Nec6 10. Nd1 Ne5 11.
Bxd4 cxd4 12. f4 Nc6 13. O-O d6 14. Ne2 Qb6 15. a3 Bd7 16. g4 f5 17. h3 Rac8 18.
Kh1 a5 19. b3 Na7 20. Nf2 a4 21. b4 Nb5 22. Ng3 Rc3 23. exf5 exf5 24. gxf5 gxf5 25. Nh5 Bc6 26. Rg1 Rf7 27. Kh2 Kf8 28. Rae1 Bxg2 29.
Rxg2 Qc6 30. Nd1 Rxa3 31. Qe2 Qd7 32. Reg1 Qe7 33. Qf3 Ra2 34. Nxg7 Rxg7 35. Rxg7 Rxc2+ 36. R7g2 Rc3 37. Rg8+ Kf7 1-0

[Event "Early-Titled-Tuesday-Blitz-September-12-2023"]
[Site "Chess.com"]
[Date "2023.09.12"]
[Round "10"]
[White "Firouzja2003"]
[Black "wonderfultime"]
[Result "1-0"]
[WhiteElo "3078"]
[BlackElo "3003"]
[TimeControl "180+1"]
[EndTime "9:55:47 PDT"]
[Termination "Firouzja2003 won by resignation"]

1. e4 c5 2. Nf3 Nf6 3. e5 Nd5 4. Nc3 Nxc3 5. dxc3 Nc6 6. Bf4 h6 7.
Qe2 e6 8. O-O-O Qc7 9. Nd2 d5 10. exd6 Bxd6 11. Bxd6 Qxd6 12. Ne4 Qe5 13. Qe3 O-O 14. f4 Qc7 15. Nxc5 Ne7 16. g3 Nd5 17. Qf2 b6 18. Nd3 Bb7 19. Bg2 Rac8 20. Rhe1 Rfd8 21.
Kb1 b5 22. f5 exf5 23. Bxd5 Bxd5 24. Qxf5 Qc4 25. Nc1 Be6 26. Qf1 Qc5 27. Nb3 Qh5 28. Nd4 Bc4 29. Qf2 Bd5 30. Rd3 a5 31. Rde3 b4 32.
Re5 Qg4 33. Qf5 Qg6 34. Rxd5 Qxf5 35. Rxd8+ 1-0

[Event "Early-Titled-Tuesday-Blitz-September-12-2023"]
[Site "Chess.com"]
[Date "2023.09.12"]
[Round "10"]
[White "TERMINATOR_PC"]
[Black "Evgeny81"]
[Result "0-1"]
[WhiteElo "2558"]
[BlackElo "2748"]
[TimeControl "180+1"]
[EndTime "9:55:47 PDT"]
[Termination "Evgeny81 won on time"]

1. e4 c5 2. Nf3 Nc6 3. d4 cxd4 4. Nxd4 Nf6 5. Nc3 Rb8 6. Bg5 Qa5 7. Bxf6 gxf6 8.
Nb3 Qe5 9. Qd2 h5 10. f4 Qc7 11. O-O-O d6 12. Kb1 a6 13. Be2 b5 14. Bf3 e6 15. Rhe1 Bb7 16. f5 Ne5 17. Nd4 Bc8 18.
g3 h4 19. Nce2 Bh6 20. Nf4 Ke7 21. fxe6 fxe6 22. Qb4 Qc5 23. Qb3 Qc4 24. Qe3 Bg5 25.
Qf2 Bd7 26. Be2 Qc5 27. Rg1 hxg3 28. Rxg3 Rbe8 29. Rf1 Kd8 30. Rc3 Nc4 31. Bxc4 bxc4 32. Qd2 e5 33. Nb3 Bxf4 0-1

[Event "Early-Titled-Tuesday-Blitz-September-12-2023"]
[Site "Chess.com"]
[Date "2023.09.12"]
[Round "10"]
[White "attack2mateU"]
[Black "ErikRonka"]
[Result "1-0"]
[WhiteElo "2725"]
[BlackElo "2530"]
[TimeControl "180+1"]
[EndTime "9:55:47 PDT"]
[Termination "attack2mateU won by checkmate"]

1. e4 c5 2. Nf3 e6 3. c3 Nf6 4. e5 Nd5 5. d4 cxd4 6. cxd4 d6 7.
Bc4 Be7 8. O-O O-O 9. Qe2 Nc6 10. Nc3 Nxc3 11. bxc3 dxe5 12. dxe5 Qc7 13. Re1 b6 14. Bd3 Bb7 15. Ng5 Bxg5 16. Bxg5 Ne7 17. Qh5 Ng6 18. Re3 Qc6 19. Be4 Qxe4 20. Rxe4 Bxe4 21. Re1 Bd5 22. h4 Rac8 23. Qd1 h6 24. Bf6 Rc4 25. h5 Nf4 26.
Qg4 g6 27. hxg6 fxg6 28. g3 h5 29. Qd1 Nh3+ 30. Kf1 Re4 31. Qc2 Rxe1+ 32. Kxe1 g5 33.
Qg6# 1-0